 Dungeon Crawl Stone Soup version 0.30.1-11-g7821555f0a (webtiles) character file.

Game seed: 13604042455601250395

65 2FriedEggs the Conjurer (level 4, 0/27 HPs)
             Began as an Octopode Conjurer on Nov 14, 2023.
             Slain by a quokka (5 damage)
             ... on level 2 of the Dungeon.
             The game lasted 00:01:55 (1602 turns).

2FriedEggs the Conjurer (Octopode Conjurer)         Turns: 1602, Time: 00:01:55

Health: 0/27       AC:  1    Str:  6    XL:     4   Next: 13%
Magic:  1/9        EV: 13    Int: 22    God:
Gold:   58         SH:  0    Dex: 10    Spells: 6/9 levels left

rFire   . . .        (no weapon)
rCold   . . .        (no shield)
rNeg    . . .        (helmet restricted)
rPois   .            (no amulet)
rElec   .            (no ring)
rCorr   .            (no ring)
SInv    .            (no ring)
Will    .....        (no ring)
Stlth   +++          (no ring)
HPRegen 0.24/turn    (no ring)
MPRegen 0.11/turn    (no ring)
                     (no ring)

%: no passive effects
@: lethally poisoned (0 -> 0)
A: almost no armour, amphibious, 8 rings, camouflage 1, gelatinous body 1,
(nimble swimmer 1), tentacles
a: no special abilities


You were on level 2 of the Dungeon.
You visited 1 branch of the dungeon, and saw 2 of its levels.

You collected 58 gold pieces.

Inventory:

Jewellery
 e - an amulet of faith
Scrolls
 c - a scroll of teleportation {unknown}
 d - 2 scrolls of enchant armour {unknown}
Potions
 a - a potion of magic
 b - a potion of ambrosia {unknown}
 f - a potion of degeneration {unknown}
 g - a potion of might {unknown}
 h - a potion of lignification {unknown}
 i - a potion of curing {unknown}


   Skills:
 - Level 2.0 Dodging
 - Level 2.6 Stealth
 * Level 3.4 Spellcasting
 + Level 4.5 Conjurations


You had 6 spell levels left.
You knew the following spells:

 Your Spells              Type           Power      Damage    Failure   Level
a - Magic Dart            Conj           92%        1d7       1%          1
b - Searing Ray           Conj           46%        2d6       2%          2

Your spell library contained the following spells:

 Spells                   Type           Power      Damage    Failure   Level
 Dazzling Flash           Conj/Hex       26%        N/A       14%         3
 Fulminant Prism          Conj/Hex       6%         3d7       43%         4
 Iskenderun's Mystic Bla  Conj/Tloc      13%        2d5       43%         4


Dungeon Overview and Level Annotations

Branches:
Dungeon (2/15)

Altars:


Innate Abilities, Weirdness & Mutations

You cannot wear most types of armour.
You are amphibious.
You can wear up to eight rings at the same time.
Your skin changes colour to match your surroundings (Stealth+).
Your rubbery body absorbs attacks. (AC +1, EV +1)
((You are camouflaged when in or above water. (Stealth+)))
You have tentacles for arms and can constrict up to eight enemies at once.


Message History

Confirm with . or Enter, or press ? or * to list all spells.
Aiming: Magic Dart (safe; 1% risk of failure)
Press: ? - help, Shift-Dir - straight line, f/p - adder
Aim: an adder (almost dead, 100% to hit)
The magic dart hits the adder but does no damage.
The adder is almost dead.
You feel sick. The adder bites you.
You are more poisoned.
The adder poisons you! The adder closely misses you.
Casting: Magic Dart (safe; 1% risk of failure)
Confirm with . or Enter, or press ? or * to list all spells.
Aiming: Magic Dart (safe; 1% risk of failure)
Press: ? - help, Shift-Dir - straight line, f/p - adder
Aim: an adder (almost dead, 100% to hit)
The magic dart hits the adder.
You kill the adder!
You feel sick. The quokka bites you.
You have reached level 4!
You feel sick.
Casting: Magic Dart (safe; 1% risk of failure)
Confirm with . or Enter, or press ? or * to list all spells.
Aiming: Searing Ray (safe; 2% risk of failure)
Press: ? - help, Shift-Dir - straight line, f - quokka
Aim: a quokka (69% to hit)
The searing ray misses the quokka. (Press . to maintain the ray.)
You feel sick. The quokka closely misses you.
Unknown command.
Without enough magic to sustain it, your searing ray dissipates.
You feel sick. The quokka closely misses you.
Unknown command.
You tentacle-slap the quokka. Your grab misses the quokka.
Your squeeze misses the quokka.
The quokka is moderately wounded.
You feel sick. The quokka closely misses you.
You tentacle-slap the quokka. Your grab misses the quokka.
You tentacle-slap the quokka.
The quokka is almost dead.
You feel sick. The quokka bites you.
You die...

## ...
## ..#
.###...#
#.†....#
. #r#
##. #@#
#..##.#
#.##..#
#.#..##
#...##
##..##
###..###
#......#
#..†...#


You could see a quokka.

Vanquished Creatures
  3 adders (D:2)
  2 dart slugs
  4 endoplasms
  A giant cockroach (D:2)
  5 hobgoblins
  A quokka (D:2)
  4 ball pythons
  4 bats
  A frilled lizard (D:1)
  3 kobolds
  6 rats
34 creatures vanquished.

Notes
Turn   | Place    | Note
-------+----------+-------------------------------------------
     0 | D:1      | 2FriedEggs the Octopode Conjurer began the quest for the
                  | Orb.
     0 | D:1      | Reached XP level 1. HP: 11/11 MP: 3/3
   200 | D:1      | Reached XP level 2. HP: 17/17 MP: 3/5
  1175 | D:2      | Reached XP level 3. HP: 19/21 MP: 2/7
  1179 | D:2      | Learned a level 2 spell: Searing Ray
  1598 | D:2      | Reached XP level 4. HP: 10/27 MP: 2/9
  1602 | D:2      | Slain by a quokka

Illustrated notes

Levels and vault maps discovered:
D:1:      nagdon_arrival_zigzag_paths, layout_basic
D:2:      layout_rooms, minmay_distorted

Skill      XL: |  1  2  3 |
---------------+----------+-----
Spellcasting   | 3 |  3.4
Dodging        | |  2.0
Stealth        | |  2.6
Conjurations   | |  4.5

Action                     |  1- 3 |  4- 6 || total
---------------------------+-------+-------++-------
  Melee: Unarmed           |    12 |     2 ||    14
         Constrict         |     5 |       ||     5
         Tentacles         |     4 |       ||     4
         Punch             |       |     1 ||     1
   Cast: Magic Dart        |    59 |       ||    59
         Searing Ray       |     1 |     1 ||     2
 Armour: Skin              |     1 |       ||     1
  Dodge: Dodged            |    19 |     3 ||    22
